 Dungeon Sprint DCSS version 0.19.0-11-g3fc08b3 (webtiles) character file.

48236 poirepourri the Ninja (level 13, 0/63 (65) HPs)
             Began as a Spriggan Enchanter on Nov 9, 2016.
             Was the Champion of Dithmenos.
             Succumbed to something's dark miasma
             ... in the Dungeon (Sprint III: "The Ten Rune Challenge").
             The game lasted 00:13:11 (3725 turns).

poirepourri the Ninja (Spriggan Enchanter)          Turns: 3725, Time: 00:13:12

HP:   0/63 (65)     AC:  5    Str:  4    XL:     13   Next: 46%
MP:   38/38         EV: 25    Int: 17    God:    Dithmenos [******]
Gold: 223           SH:  0    Dex: 21    Spells: 5 memorised, 40 levels left

rFire  . . .     SeeInvis +     o - +1 dagger (venom)
rCold  . . .     Gourm    .     b - +1 robe
rNeg   . . .     Faith    .     (shield restricted)
rPois  .         Spirit   .     C - +2 hat
rElec  .         Reflect  .     (no cloak)
rCorr  .         Harm     .     (gloves unavailable)
MR     +++..     NoTele   +     (boots unavailable)
Stlth  ++++++++++               y - amulet of regeneration
                                (no ring)
                                k - ring of protection from magic

@: lethally poisoned (0 -> -59), flying, wreathed by umbra, very quick
A: unfitting armour, see invisible, herbivore 3, speed 3, slow metabolism 2
a: Shadow Step, Shadow Form, Renounce Religion
}: 1/10 runes: serpentine


You were in the Dungeon.
You worshipped Dithmenos.
Dithmenos was exalted by your worship.
You were full.

You visited 1 branch You collected 1693 gold pieces.
You spent 1470 gold pieces at shops.

Inventory:

Hand Weapons
 o - a +1 dagger of venom (weapon)
 u - a +0 blowgun
Missiles
 v - 7 curare-tipped needles
 w - 5 throwing nets (quivered)
Armour
 b - a +1 robe (worn)
 C - a +2 hat (worn)
Jewellery
 j - an uncursed ring of ice
 k - a ring of protection from magic (left hand)
 x - an uncursed ring of fire
 y - an amulet of regeneration (around neck)
Scrolls
 p - 2 scrolls of remove curse
Potions
 a - a potion of might
 g - a potion of haste
 i - 2 potions of berserk rage
 l - a potion of resistance
 m - 2 potions of mutation
 r - 2 potions of cure mutation
 t - a potion of flight
 z - a potion of brilliance {unknown}
 A - a potion of lignification {unknown}
 B - a potion of agility {unknown}
 D - a potion of invisibility {unknown}
Books
 c - a book of Maledictions

   Spells                             Type                      Level
   a - Corona                         Hexes                        1
   b - Ensorcelled Hibernation        Hexes/Ice                    2
   c - Confuse                        Hexes                        3
   d - Tukima's Dance                 Hexes                        3
   e - Dazzling Spray                 Conjuration/Hexes            3
 h - a book of Minor Magic

   Spells                             Type                      Level
   a - Magic Dart                     Conjuration                  1
   b - Blink                          Translocation                2
   c - Call Imp                       Summoning                    2
   d - Repel Missiles                 Charms/Air                   2
   e - Slow                           Hexes                        2
   f - Conjure Flame                  Conjuration/Fire             3
   g - Mephitic Cloud                 Conjuration/Poison/Air       3
 n - a book of Misfortune

   Spells                             Type                      Level
   a - Confusing Touch                Hexes                        1
   b - Confuse                        Hexes                        3
   c - Gell's Gravitas                Hexes/Translocation          3
   d - Petrify                        Transmutation/Earth          4
   e - Metabolic Englaciation         Hexes/Ice                    5
   f - Yara's Violent Unravelling     Hexes/Transmutation          5
Comestibles
 d - a bread ration
 q - 2 fruits
 s - 26 royal jellies


   Skills:
 + Level 6.3 Fighting
 + Level 11.8 Short Blades
 + Level 8.0 Dodging
 O Level 27 Stealth
 + Level 20.2 Spellcasting
 + Level 5.5 Conjurations
 + Level 19.9 Hexes
 - Level 5.0 Ice Magic
 + Level 6.6 Invocations


You had 40 spell levels left.
You knew the following spells:

 Your Spells              Type           Power        Failure   Level  Hunger
a - Corona                Hex            ######.      0%          1    None
b - Ensorcelled Hibernat  Hex/Ice        ######       1%          2    None
c - Confuse               Hex            ######..     0%          3    None
d - Tukima's Dance        Hex            ######..     0%          3    None
e - Dazzling Spray        Conj/Hex       ######       1%          3    None


Dungeon Overview and Level Annotations

Branches:
Dungeon (1/1)

Altars:
Cheibriados
Dithmenos
Elyvilon
Fedhas
Gozag
Hepliaklqana
Kikubaaqudgha
Makhleb
Nemelex Xobeh
Okawaru
Qazlal
Ru
Sif Muna
Trog
Uskayaw
Vehumet
Xom
Yredelemnul
Zin
The Shining One
Beogh
Jiyva
Lugonu

Shops:
D %(=:


Innate Abilities, Weirdness & Mutations

You are very small and have problems with some larger weapons.
You are too small for most types of armour.
You have supernaturally acute eyesight. (SInv)
You are a herbivore.
You cover ground extremely quickly.
You need consume almost no food.


Message History

* * * LOW HITPOINT WARNING * * *
You feel sick.
You see here a lindwurm corpse.
You are engulfed in dark miasma.
You are more poisoned.
* * * LOW HITPOINT WARNING * * *
x2 You feel sick.
Unknown command.
You are engulfed in dark miasma.
You are more poisoned.
You feel your flesh rotting away!
* * * LOW HITPOINT WARNING * * *
x2 You emit a cloud of dark smoke.
You feel very sick.
Unknown command.
Okay, then.
Okay, then.
Welcome back, poirepourri the Spriggan Enchanter.
Dithmenos says: Spread the eternal night.
Press ? for a list of commands and other information.
You die...

§≈≈≈≈'.....#.≈♣♣♣♣♣♣♣♣♣♣♣♣♣♣♣♣PP#
§§≈≈♣♣♣♣♣♣♣#..♣♣ ♣♣♣# ≈§≈≈♣
###'♣♣♣♣♣♣♣♣♣♣♣♣♣♣♣ # ######♣
♣♣♣♣.##k§##≈§§§§≈..# # ..[...♣♣
♣...##§##§#§§§§§...# # ######'♣
♣♣.##†##§##§§§§§§####+# .......♣
♣..#.##§§k#§§§.§§§§§§# ########♣♣
♣♣.##.##§§#≈..'####### .......PP♣
♣♣.##@#####...#.... # ..PP...†P♣
♣.....# .....#♣♣♣% #
#####'############ +###### #
#...†.......## # #............# #
# ###########..# # .
##.†.†.††.†..# # . #....†.†....##
# . #..########## #


There were no monsters in sight!

Vanquished Creatures
  Rupert (D)
  Gastronok (D)
  Harold (D)
  A nagaraja (D)
  4 azure jellies (D)
  2 dire elephants (D)
  A naga warrior (D)
  Erolcha (D)
  A hydra (D)
  3 anacondas (D)
  4 death yaks (D)
  Urug (D)
  A deep elf knight (D)
  Joseph (D)
  A lindwurm (D)
  An orc knight (D)
  5 deep elf magi (D)
  2 elephants (D)
  5 black mambas (D)
  A guardian serpent (D)
  2 spiny frogs (D)
  A rime drake (D)
  A komodo dragon (D)
  3 wandering mushrooms (D)
  A queen bee (D)
  2 tyrant leeches (D)
  8 blink frogs (D)
  5 redbacks (D)
  A shadow (D)
  2 hill giants (D)
  A spatial vortex (D)
  2 nagas (D)
  4 water moccasins (D)
  2 orc warriors (D)
  A swamp drake (D)
  A necrophage (D)
  3 two-headed ogres (D)
  A water elemental (D)
  A scorpion (D)
  30 killer bees (D)
  An electric eel (D)
  A jelly (D)
  An orc priest (D)
  A wizard (D)
  Jessica (D)
  2 orc wizards (D)
  A necromancer (D)
  3 humans (D)
  A kobold demonologist (D)
  4 adders (D)
  An ooze (D)
  12 orcs (D)
  2 rats (D)
141 creatures vanquished.

Vanquished Creatures (others)
  A deep elf blademaster (D)
  2 draconian scorchers (D)
  6 hellions (D)
  2 yaktaurs (D)
  2 spriggan defenders (D)
  An orc high priest (D)
  2 killer bees (D)
  2 orc priests (D)
  6 ball lightnings (D)
  5 ballistomycetes (D)
  2 ballistomycete spores (D)
  35 plants (D)
66 creatures vanquished.

Grand Total: 207 creatures vanquished

Notes
Turn   | Place    | Note
-------+----------+-------------------------------------------
     0 | D        | poirepourri the Spriggan Enchanter began the quest for the Orb.
     0 | D        | Reached XP level 1. HP: 9/9 MP: 5/5
     9 | D        | Reached skill level 5 in Stealth
    32 | D        | Noticed Jessica
    37 | D        | Killed Jessica
    37 | D        | Reached skill level 7 in Stealth
    37 | D        | Reached skill level 5 in Hexes
    37 | D        | Reached XP level 2. HP: 12/13 MP: 5/7
    37 | D        | Reached XP level 3. HP: 15/16 MP: 6/9
    41 | D        | Learned a level 2 spell: Ensorcelled Hibernation
    45 | D        | Learned a level 3 spell: Confuse
    49 | D        | Learned a level 3 spell: Tukima's Dance
    54 | D        | Noticed a scorpion
    57 | D        | Killed a scorpion
    57 | D        | Reached skill level 8 in Stealth
    57 | D        | Reached XP level 4. HP: 21/21 MP: 5/11
    97 | D        | Reached skill level 9 in Stealth
    97 | D        | Reached skill level 5 in Spellcasting
   132 | D        | Killed a hellion
   132 | D        | Killed a hellion
   132 | D        | Killed a hellion
   132 | D        | Killed a hellion
   133 | D        | Killed a hellion
   134 | D        | Killed a hellion
   135 | D        | Learned a level 3 spell: Dazzling Spray
   181 | D        | Killed a white draconian scorcher
   189 | D        | Killed a yaktaur
   244 | D        | Killed a white draconian scorcher
   320 | D        | Noticed a water elemental
   373 | D        | Killed a water elemental
   373 | D        | Reached skill level 10 in Stealth
   373 | D        | Reached XP level 5. HP: 8/24 MP: 6/14
   605 | D        | Found a radiant altar of Vehumet.
   605 | D        | Found a deep blue altar of Sif Muna.
   605 | D        | Found an ancient bone altar of Kikubaaqudgha.
   607 | D        | Reached skill level 5 in Dodging
   609 | D        | Reached skill level 1 in Ice Magic
   638 | D        | Found a glowing silver altar of Zin.
   638 | D        | Found a glowing golden altar of the Shining One.
   638 | D        | Found a white marble altar of Elyvilon.
   639 | D        | Noticed a deep elf mage
   641 | D        | Killed a deep elf mage
   641 | D        | Reached skill level 13 in Stealth
   641 | D        | Reached skill level 10 in Hexes
   641 | D        | Reached XP level 6. HP: 29/29 MP: 16/18
   641 | D        | Reached XP level 7. HP: 32/32 MP: 16/19
   664 | D        | Found a basalt altar of Yredelemnul.
   664 | D        | Found a shadowy altar of Dithmenos.
   664 | D        | Found a sacrificial altar of Ru.
   667 | D        | Reached skill level 14 in Stealth
   675 | D        | Became a worshipper of Dithmenos the Shadowed
   685 | D        | Found a hide-covered altar of Uskayaw.
   685 | D        | Found a roughly hewn altar of Beogh.
   685 | D        | Found an iron altar of Okawaru.
   685 | D        | Found a bloodstained altar of Trog.
   685 | D        | Noticed a human
   686 | D        | Noticed a human
   688 | D        | Killed a human
   688 | D        | Reached skill level 15 in Stealth
   688 | D        | Reached skill level 1 in Conjurations
   689 | D        | Killed a human
   703 | D        | Noticed a shadow
   705 | D        | Killed a shadow
   705 | D        | Reached * piety under Dithmenos
   705 | D        | Reached XP level 8. HP: 37/37 MP: 22/22
   709 | D        | Reached skill level 1 in Fighting
   709 | D        | Reached skill level 5 in Short Blades
   716 | D        | Found a blossoming altar of Fedhas.
   716 | D        | Found a stormy altar of Qazlal.
   716 | D        | Found a snail-covered altar of Cheibriados.
   716 | D        | Found a burning altar of Makhleb.
   716 | D        | Found a shimmering altar of Xom.
   717 | D        | Found a hazy altar of Hepliaklqana.
   717 | D        | Found an opulent altar of Gozag.
   717 | D        | Found a sparkling altar of Nemelex Xobeh.
   717 | D        | Found a corrupted altar of Lugonu.
   717 | D        | Found a viscous altar of Jiyva.
   719 | D        | Reached skill level 16 in Stealth
   733 | D        | Reached ** piety under Dithmenos
   741 | D        | Reached skill level 17 in Stealth
   754 | D        | Noticed Erolcha
   756 | D        | Killed Erolcha
   756 | D        | Reached *** piety under Dithmenos
   756 | D        | Reached skill level 19 in Stealth
   756 | D        | Reached XP level 9. HP: 41/41 MP: 23/23
   777 | D        | Reached skill level 20 in Stealth
   779 | D        | Reached **** piety under Dithmenos
   845 | D        | Noticed Harold
   845 | D        | Noticed Joseph
   847 | D        | Killed Harold
   847 | D        | Reached skill level 22 in Stealth
   847 | D        | Reached skill level 10 in Spellcasting
   847 | D        | Reached XP level 10. HP: 46/46 MP: 19/25
   849 | D        | Killed Joseph
   849 | D        | Reached skill level 23 in Stealth
   900 | D        | Reached ***** piety under Dithmenos
   988 | D        | Reached skill level 24 in Stealth
  1118 | D        | Reached ****** piety under Dithmenos
  1492 | D        | Noticed an orc knight
  1493 | D        | Found Masul's Book Shoppe.
  1541 | D        | Killed an orc knight
  1895 | D        | Noticed a deep elf mage
  1895 | D        | Noticed a deep elf mage
  1895 | D        | Noticed a deep elf mage
  1895 | D        | Noticed a deep elf knight
  1895 | D        | Noticed a deep elf mage
  1901 | D        | Noticed a deep elf annihilator
  2006 | D        | Killed a deep elf mage
  2006 | D        | Reached skill level 25 in Stealth
  2006 | D        | Reached skill level 5 in Ice Magic
  2006 | D        | Reached XP level 11. HP: 51/51 MP: 20/28
  2031 | D        | Killed a deep elf knight
  2066 | D        | Killed a deep elf mage
  2078 | D        | Killed a deep elf mage
  2106 | D        | Killed a deep elf mage
  2804 | D        | Reached skill level 26 in Stealth
  2897 | D        | Noticed Rupert
  2901 | D        | Killed Rupert
  2901 | D        | Reached skill level 27 in Stealth
  2901 | D        | Reached skill level 15 in Spellcasting
  2901 | D        | Reached skill level 15 in Hexes
  2907 | D        | Noticed a death yak
  2909 | D        | Noticed a death yak
  2909 | D        | Noticed an azure jelly
  2909 | D        | Noticed a death yak
  2909 | D        | Noticed an azure jelly
  2909 | D        | Noticed a death yak
  2910 | D        | Killed a death yak
  2910 | D        | Reached skill level 10 in Short Blades
  2910 | D        | Reached skill level 1 in Invocations
  2911 | D        | Killed a death yak
  2911 | D        | Reached XP level 12. HP: 56/56 MP: 26/32
  2914 | D        | Killed a death yak
  2916 | D        | Killed a death yak
  3013 | D        | Noticed an anaconda
  3013 | D        | Noticed an anaconda
  3016 | D        | Killed an anaconda
  3017 | D        | Killed an anaconda
  3060 | D        | Noticed an anaconda
  3062 | D        | Killed an anaconda
  3092 | D        | Noticed a naga warrior
  3092 | D        | Noticed a nagaraja
  3092 | D        | Found Yrisemm's Food Boutique.
  3092 | D        | Found Zisegg's Antique Weapon Emporium.
  3092 | D        | Found Takos's Jewellery Shop.
  3096 | D        | Killed a naga warrior
  3097 | D        | Killed a nagaraja
  3097 | D        | Reached skill level 5 in Fighting
  3105 | D        | Bought an uncursed ring of ice for 350 gold pieces
  3105 | D        | Bought an uncursed ring of protection from magic for 350 gold pieces
  3105 | D        | Bought an uncursed ring of fire for 350 gold pieces
  3105 | D        | Bought an uncursed amulet of regeneration for 420 gold pieces
  3117 | D        | Got a serpentine rune of Zot
  3173 | D        | Noticed an azure jelly
  3173 | D        | Noticed an azure jelly
  3222 | D        | Killed an azure jelly
  3240 | D        | Killed an azure jelly
  3331 | D        | Killed an azure jelly
  3331 | D        | Reached skill level 5 in Invocations
  3331 | D        | Reached XP level 13. HP: 64/64 MP: 28/37
  3332 | D        | Killed an azure jelly
  3374 | D        | Noticed a dire elephant
  3374 | D        | Noticed a dire elephant
  3374 | D        | Noticed Gastronok
  3376 | D        | Killed Gastronok
  3376 | D        | Reached skill level 5 in Conjurations
  3377 | D        | Killed a dire elephant
  3379 | D        | Killed a dire elephant
  3454 | D        | Killed a deep elf blademaster
  3467 | D        | Noticed an azure jelly
  3631 | D        | Noticed Urug
  3634 | D        | Killed Urug
  3724 | D        | HP: 3/63 [poisoned by something (dark miasma)]
  3725 | D        | Succumbed to something's dark miasma

Skill      XL: |  1  2  3  4  5  6  7  8  9 10 11 12 13 |
---------------+----------------------------------------+-----
Stealth        | 7 8 10 13 15 19 22 25 27 | 27.0
Spellcasting   | 3 4 6 8 9 10 12 15 19 20 | 20.2
Hexes          | 5 7 8 10 11 12 13 15 18 19 | 19.9
Dodging        | 4 6 7 8 |  8.0
Short Blades   | 2 4 6 8 9 10 11 | 11.8
Ice Magic      | 2 3 5 |  5.0
Conjurations   | 1 2 3 4 5 |  5.5
Fighting       | 1 2 3 5 6 |  6.3
Invocations    | 1 5 6 |  6.6

Action                   |  1- 3 |  4- 6 |  7- 9 | 10-12 | 13-15 || total
-------------------------+-------+-------+-------+-------+-------++-------
Melee: Dagger            |     8 |     4 |    16 |   132 |    14 ||   174
 Cast: Ensorcelled Hiber |     1 |     4 |     2 |    72 |     7 ||    86
       Dazzling Spray    |       |    10 |       |    27 |       ||    37
       Confuse           |       |       |       |    13 |     3 ||    16
Invok: Shadow Step       |       |       |     1 |     8 |     2 ||    11
  Use: Scroll            |       |     5 |       |     2 |       ||     7
       Potion            |       |     2 |       |     2 |     4 ||     8
 Stab: Sleeping          |     3 |     4 |    16 |    79 |    11 ||   113
       Confused          |       |       |       |     6 |     1 ||     7
       Distracted        |       |       |       |     2 |       ||     2
       Invisible         |       |       |       |     2 |       ||     2
  Eat: Bread ration      |       |       |       |     1 |       ||     1
Armor: Robe              |       |       |       |     2 |     2 ||     4
Dodge: Dodged            |     2 |     3 |     2 |    71 |    24 ||   102
